 Dungeon Crawl Stone Soup version 0.32-a0-953-g508020473e (webtiles) character file.

Game seed: 16422577788368429126

41787 Daunt the Carver (level 14, -10/108 HPs)
             Began as a Coglin Earth Elementalist on Apr 17, 2024.
             Was an Initiate of Gozag.
             Mangled by a very large slime creature (48 damage)
             ... on level 12 of the Dungeon.
             The game lasted 02:21:09 (29349 turns).

Daunt the Carver (Coglin Earth Elementalist)       Turns: 29349, Time: 02:21:10

Health: -10/108    AC: 19    Str:  8    XL:     14   Next: 16%
Magic:  17/17      EV: 15    Int: 16    God:    Gozag
Gold:   2846       SH:  0    Dex: 19    Spells: 13/17 levels left

rFire   + . .        B - +1 scimitar (flame) {Kammani}
rCold   + + +        k - +2 long sword (protect) {Hugo}
rNeg    . . .        C - +0 leather armour of the Stonemason {^Drain rElec rPois rC+}
rPois   +            q - +1 helmet {SInv}
rElec   +            K - scarf {rC+ rF+}
rCorr   +            (no gloves)
SInv    +            d - +0 pair of boots
Will    +....        (amulet unavailable)
Stlth   ++           (ring unavailable)
HPRegen 0.38/turn    (ring unavailable)
MPRegen 0.15/turn    V
                       - N-10 neowhirligig {RevParry, rPois rC+ rCorr}

%: no passive effects
@: gold aura, under a protective aura, revved
A: off-hand wielding, slow wielding, warmup strikes, no jewellery
a: Renounce Religion, Potion Petition, Call Merchant, Bribe Branch


You were on level 12 of the Dungeon.
You worshipped Gozag.
Gozag was most pleased with you.
You visited 3 branches of the dungeon, and saw 16 of its levels.
You also visited: Ossuary.

You collected 5091 gold pieces.
You spent 1344 gold pieces at shops.
You paid 901 gold pieces to Gozag.

Inventory:

Hand Weapons
 k - a +2 long sword of protection (offhand) {Hugo}
 x - the +6 flail "Nunigul" {freeze, Will+ Str+4 Int+3}
   (You found it on level 3 of the Dungeon)

   Str+4:     It affects your strength (+4).
   Int+3:     It affects your intelligence (+3).
   Will+:     It increases your willpower.
 B - a +1 scimitar of flaming (weapon) {Kammani}
 D - a +2 scimitar {Ingrid}
 N - the +5 sling of Safaboxzo {heavy, *Slow rN+ Str+4 Dex+3}
   (You found it on level 10 of the Dungeon)

   Str+4:     It affects your strength (+4).
   Dex+3:     It affects your dexterity (+3).
   rN+:       It protects you from negative energy.
   *Slow:     It may slow you when you take damage.
Missiles
 c - 149 stones
 g - 43 poisoned darts (quivered)
 t - 25 boomerangs
 J - 2 throwing nets
 M - 6 atropa-tipped darts
 R - 6 curare-tipped darts
 T - 2 javelins
Armour
 d - a +0 pair of boots (worn)
 i - +0 ice dragon scales
 q - a +1 helmet of see invisible (worn)
 u - a +0 cloak of preservation
 C - the +0 leather armour of the Stonemason (worn) {^Drain rElec rPois rC+}
   (You found it on level 4 of the Dungeon)

   rC+:       It protects you from cold.
   rElec:     It insulates you from electricity.
   rPois:     It protects you from poison.
   ^Drain:    It drains your maximum health when unequipped.
 E - the +1 leather armour of the Divine God {rC+ Int-2 Dex+5}
   (You bought it in a shop on level 2 of the Orcish Mines)

   Int-2:     It affects your intelligence (-2).
   Dex+5:     It affects your dexterity (+5).
   rC+:       It protects you from cold.
 F - the +1 leather armour "Yrenlul" {Int+3}
   (You bought it in a shop on level 2 of the Orcish Mines)

   Int+3:     It affects your intelligence (+3).
 K - a scarf of resistance (worn)
 P - a +1 ring mail of poison resistance
 U - a +1 helmet of intelligence
Gizmo
 V - a N-10 neowhirligig (installed) {RevParry, rPois rC+ rCorr}
   (You invented it yourself on level 1 of the Orcish Mines)

   [N-10 neowhirligig]

   RevParry:  Your AC increases as you Rev (up to +5) and while fully Revved,
   your attacks may disarm enemies.
   rC+:       It protects you from cold.
   rPois:     It protects you from poison.
   rCorr:     It protects you from acid and corrosion.
Wands
 l - a wand of polymorph (7)
 y - a wand of flame (19)
 A - a wand of digging (5)
Scrolls
 e - a scroll of blinking
 f - 4 scrolls of fog
 j - a scroll of butterflies
 m - 2 scrolls of amnesia
 n - a scroll of poison
 o - 2 scrolls of teleportation
 s - a scroll of fear
 v - 2 scrolls of vulnerability {unknown}
 G - 2 scrolls of enchant armour {unknown}
 I - a scroll of enchant weapon {unknown}
 O - a scroll of immolation {unknown}
 Q - a scroll of torment {unknown}
 S - a scroll of revelation {unknown}
 X - a scroll of brand weapon {unknown}
Potions
 a - 2 potions of brilliance
 b - 2 potions of magic
 h - 10 potions of curing
 p - 2 potions of ambrosia
 r - 3 potions of attraction
 w - 3 potions of haste
 z - 4 potions of mutation
 H - a potion of invisibility
 L - 2 potions of lignification
 W - a potion of heal wounds


   Skills:
 - Level 9.5 Fighting
 - Level 14.0 Long Blades
 - Level 3.0 Maces & Flails
 + Level 9.1 Ranged Weapons
 - Level 4.0 Throwing
 - Level 5.5 Armour
 - Level 7.2 Dodging
 - Level 2.0 Stealth
 - Level 2.2 Spellcasting
 - Level 0.8 Conjurations
 - Level 0.6 Ice Magic
 - Level 4.7 Earth Magic
 - Level 10.0 Evocations


You had 13 spell levels left.
You knew the following spells:

 Your Spells              Type           Power      Damage    Failure   Level
a - Sandblast             Erth           34%        2d9       4%          1
p - Passwall              Erth           17%        N/A       12%         3

Your spell library contained the following spells:

 Spells                   Type           Power      Damage    Failure   Level
 Magic Dart               Conj           16%        1d3       19%         1
 Freeze                   Ice            12%        1d3       22%         1
 Stone Arrow              Conj/Erth      20%        3d8       26%         3
 Cigotuvi's Dreadful Rot  Necr/Alch/Air  2%         N/A       38%         2
 Scorch                   Fire           2%         2d5       38%         2
 Hailstorm                Conj/Ice       4%         3d5       52%         3
 Dazzling Flash           Conj/Hex       6%         N/A       56%         3
 Mephitic Cloud           Conj/Alch/Air  2%         N/A       58%         3
 Summon Ice Beast         Ice/Summ       2%         N/A       58%         3
 Brom's Barrelling Bould  Conj/Erth      10%        2d3       65%         4
 Petrify                  Alch/Erth      9%         N/A       71%         4
 Flame Wave               Conj/Fire      3%         2d5       92%         4
 Ignite Poison            Fire/Alch      1%         N/A       95%         4
 Freezing Cloud           Conj/Ice/Air   1%         6-21      99%         5
 Silence                  Hex/Air        0%         N/A       100%        5
 Conjure Ball Lightning   Conj/Air       1%         3x3d6     100%        6
 Permafrost Eruption      Ice/Erth       5%         2x4d2     100%        6
 Sculpt Simulacrum        Ice/Alch       1%         N/A       100%        6
 Summon Cactus Giant      Summ           0%         N/A       100%        6
 Rimeblight               Ice/Necr       1%         2d3       (prima100%   7
 Spellforged Servitor     Conj/Summ      1%         N/A       100%        7
 Borgnjor's Revivificati  Necr           0%         N/A       100%        8


Dungeon Overview and Level Annotations

Branches:
Dungeon (13/15)            Temple (0/1) D:6            Lair (1/5) D:8
    Orc (2/2) D:12        Ossuary (visited)
    Elf: Orc:2       Vaults: D:13-14

Altars:
Ashenzari
Elyvilon
Fedhas
Gozag
Hepliaklqana
Makhleb
Okawaru
Qazlal
Trog
Vehumet
Wu Jian
Xom
Zin
The Shining One
Beogh

Shops:
D:3 *   D:6 =   D:7 :   Orc:1 [(   Orc:2 =[[[(

Annotations:
D:7 3 runed translucent doors, zazu2006's ghost, novice GnWn
Orc:2 warlord


Innate Abilities, Weirdness & Mutations

You can wield a second weapon in your off-hand.
It takes a long time for you to wield or remove held weapons.
Your first few attacks do less damage.
You cannot equip rings or amulets.


Message History

The slime creature hits you but does no damage.
Two slime creatures merge to form a large slime creature.
Two slime creatures merge to form a very large slime creature.
The slime creature barely misses you.
You climb upwards.
There is a stone staircase leading down here.
You hit the very large slime creature with your +1 scimitar of flaming.
You burn the very large slime creature.
The very large slime creature is moderately wounded.
You slash the very large slime creature with your +2 long sword of protection!
The slime creature closely misses you.
You slash the very large slime creature with your +2 long sword of protection!
The very large slime creature is heavily wounded.
You hit the very large slime creature with your +1 scimitar of flaming.
You burn the very large slime creature.
The very large slime creature completely misses you.
You slice the very large slime creature with your +1 scimitar of flaming!!
You burn the very large slime creature!
The very large slime creature is severely wounded.
You hit the very large slime creature with your +2 long sword of protection.
The slime creature hits you.
The very large slime creature hits you!!!
Ouch! That really hurt!
You slash the very large slime creature with your +1 scimitar of flaming!
You burn the very large slime creature.
The very large slime creature is severely wounded.
You hit the very large slime creature but do no damage.
The slime creature completely misses you.
The very large slime creature closely misses you.
You slash the very large slime creature with your +2 long sword of protection!
The very large slime creature is almost dead.
You hit the very large slime creature with your +1 scimitar of flaming.
You burn the very large slime creature.
You slash the very large slime creature with your +2 long sword of protection!
The very large slime creature is almost dead.
You hit the very large slime creature with your +1 scimitar of flaming.
You burn the very large slime creature. The slime creature misses you.
The very large slime creature hits you!!!
You die...
Your body crumbles into a pile of gold.

.[[).# )[>).# .[[..#
ß...ß# ###########
#.....>...#####
..............#
#.##.#.##..##.######
...............J@J.#
#.#........##.####.#
..............# #.#
#.............# #.#
##........###.# #.#
......#...###.# #.#
..............# #.#
##.####...#.#.# #.#
##.# #...#.#.# #.#


You could see a very large slime creature and a slime creature.

Vanquished Creatures
  Azrael (Orc:2)
  A fire dragon (D:12)
  5 centaur warriors
  2 boulder beetles (D:9)
  4 tengu warriors (D:13)
  5 orc high priests (Orc:2)
  2 two-headed ogres (D:12)
  3 skeletal warriors (D:12)
  A sun moth (D:9)
  A deep elf pyromancer (D:13)
  Pikel (D:6)
  8 orc knights
  2 manticores
  4 cyclopes
  An orc sorcerer (Orc:1)
  2 kobold blastminers (Orc:1)
  An elephant (D:8)
  2 gargoyles (D:12)
  A cane toad (Lair:1)
  A kobold demonologist (D:9)
  2 trolls
  3 hornets
  Grinder (D:3)
  A dream sheep (D:9)
  13 slime creatures
  2 vampires
  7 wraiths
  Sigmund (D:6)
  2 wyverns
  2 shadows
  A basilisk (D:7)
  10 yaks
  Eustachio (D:5)
  A yak (shapeshifter) (D:13)
  2 fire elementals
  3 vampire mosquitoes (D:12)
  3 wargs
  A steam dragon (D:8)
  4 acid dragons
  6 hell hounds
  2 water moccasins
  37 orc warriors
  2 black bears
  5 ogres
  6 centaurs (D:9)
  2 phantoms
  8 kobold brigands
  2 lemures
  3 bullfrogs
  A scorpion (shapeshifter) (D:13)
  A gnoll sergeant (D:6)
  3 scorpions
  4 wights
  16 killer bees
  4 howler monkeys
  A gnoll bouda (D:9)
  5 hounds
  2 jellies
  A bombardier beetle (D:6)
  32 orc priests
  7 iguanas
  Natasha (thrice) (D:3)
  17 orc wizards
  8 mummies (Ossuary)
  18 gnolls
  6 adders
  A river rat (D:11)
  A shadow imp (D:5)
  A white imp (D:7)
  A dart slug (D:2)
  A ribbon worm (D:2)
  49 orcs
  3 endoplasms
  2 giant cockroaches (D:1)
  3 gnoll zombies (Ossuary)
  5 hobgoblins
  13 jackals
  30 kobolds
  8 quokkas
  3 training dummies (Orc:2)
  3 ball pythons
  5 bats
  2 frilled lizards
  8 goblins
  2 hobgoblin zombies (Ossuary)
  2 kobold zombies (Ossuary)
  An orc zombie (Ossuary)
  3 rats
  A spectral hobgoblin (D:5)
458 creatures vanquished.

Vanquished Creatures (others)
  2 orcs (Orc:2)
2 creatures vanquished.

Grand Total: 460 creatures vanquished

Notes
Turn   | Place    | Note
-------+----------+-------------------------------------------
     0 | D:1      | Daunt the Coglin Earth Elementalist began the quest for the
                  | Orb.
     0 | D:1      | Reached XP level 1. HP: 13/13 MP: 3/3
   264 | D:1      | Reached XP level 2. HP: 18/19 MP: 0/4
   735 | D:1      | Reached XP level 3. HP: 21/24 MP: 5/5
  1326 | D:2      | You fall into a shaft and drop 2 floors!
  1418 | D:3      | Found an opulent altar of Gozag.
  1421 | D:3      | Found Gozag's Platinum Reserve.
  1534 | D:3      | Became a worshipper of Gozag Ym Sagoz the Greedy
  2446 | D:3      | Noticed Grinder
  2469 | D:3      | Noticed Natasha
  2472 | D:3      | Killed Natasha
  2473 | D:3      | Reached XP level 4. HP: 30/30 MP: 2/6
  2549 | D:3      | Identified the +6 flail "Nunigul" {freeze, Will+ Str+4
                  | Int+3}
  2563 | D:3      | Noticed Natasha
  2565 | D:3      | Killed Natasha
  2728 | D:3      | Reached XP level 5. HP: 35/35 MP: 8/8
  2795 | D:3      | Noticed Natasha
  2804 | D:3      | Killed Natasha
  3211 | D:4      | Noticed a black bear
  3400 | D:4      | Noticed a kobold brigand
  3562 | D:4      | Reached skill level 1 in Fighting
  3826 | D:4      | Found a blossoming altar of Fedhas.
  3827 | D:4      | Found a shimmering altar of Xom.
  3829 | D:4      | Found a radiant altar of Vehumet.
  3950 | D:4      | Identified the +0 leather armour of the Stonemason {^Drain
                  | rElec rPois rC+}
  4071 | D:5      | Entered Level 5 of the Dungeon
  4071 | D:5      | Noticed a phantom
  4076 | D:4      | Killed a phantom
  4077 | D:4      | Reached skill level 1 in Armour
  4077 | D:4      | Reached skill level 1 in Evocations
  4077 | D:4      | Reached XP level 6. HP: 31/43 MP: 9/9
  4162 | D:5      | Found a burning altar of Makhleb.
  4272 | D:5      | Learned a level 3 spell: Passwall
  4284 | D:5      | Reached XP level 7. HP: 36/50 MP: 10/10
  4397 | D:5      | Found a hazy altar of Hepliaklqana.
  4997 | D:5      | Noticed Eustachio
  5032 | D:5      | Killed Eustachio
  5033 | D:5      | Reached XP level 8. HP: 57/58 MP: 7/11
  5561 | D:6      | HP: 3/87 [wight/+0 great sword (2)]
  5646 | D:6      | Reached skill level 5 in Fighting
  5751 | D:6      | Noticed Sigmund
  6299 | D:4      | Found a radiant altar of Vehumet.
  6300 | D:4      | Found a shimmering altar of Xom.
  6315 | D:4      | Reached skill level 5 in Armour
  6900 | D:4      | Found a blossoming altar of Fedhas.
  7053 | D:3      | Killed Grinder
  7054 | D:3      | Reached XP level 9. HP: 44/69 MP: 12/12
  7332 | D:6      | Reached skill level 1 in Long Blades
  7392 | D:6      | Killed Sigmund
  7393 | D:6      | Reached skill level 2 in Long Blades
  7520 | D:6      | Reached skill level 3 in Long Blades
  7685 | D:6      | Noticed Pikel
  7698 | D:6      | Killed Pikel
  7699 | D:6      | Reached skill level 5 in Long Blades
  7762 | D:6      | Found an ornate altar of the Wu Jian Council.
  7773 | D:6      | Found a staircase to the Ecumenical Temple.
  7879 | D:6      | Found Viufesch's One-of-a-Kind Rings.
  7958 | D:7      | Found Farph's Tremendous Tomes.
  8040 | D:7      | Found a sand-covered staircase.
  8050 | D:7      | Reached skill level 6 in Long Blades
  8055 | Ossuary  | Entered an ossuary
  8603 | D:7      | Reached skill level 7 in Long Blades
  8936 | D:7      | Found a runed translucent gate.
  8937 | D:7      | Found a runed translucent gate.
  8939 | D:7      | Found a runed translucent gate.
  8939 | D:7      | Noticed zazu2006's ghost (novice GnWn)
  9120 | D:7      | Found a roughly hewn altar of Beogh.
  9157 | D:8      | Found a white marble altar of Elyvilon.
  9157 | D:8      | Found a glowing silver altar of Zin.
  9163 | D:8      | Reached XP level 10. HP: 74/76 MP: 13/13
  9234 | D:8      | Reached skill level 8 in Long Blades
  9460 | D:8      | Found a broken altar of Ashenzari.
  9498 | D:8      | Found a glowing golden altar of the Shining One.
  9534 | D:8      | Noticed an elephant
  9764 | D:8      | Found a staircase to the Lair.
  9791 | D:7      | Reached skill level 9 in Long Blades
  9934 | D:8      | Killed an elephant
 10075 | D:8      | Reached skill level 10 in Long Blades
 10769 | D:9      | Got Ragicus's Compendium of Bruises
 10945 | D:9      | Reached skill level 1 in Maces & Flails
 11194 | D:9      | Reached skill level 11 in Long Blades
 11221 | D:9      | Noticed an orc knight
 11720 | D:10     | Entered Level 10 of the Dungeon
 11757 | D:10     | Reached skill level 1 in Throwing
 11757 | D:10     | Reached XP level 11. HP: 70/81 MP: 11/14
 12208 | D:10     | Found a bloodstained altar of Trog.
 12208 | D:10     | Found a stormy altar of Qazlal.
 12289 | D:10     | Reached skill level 5 in Evocations
 12456 | D:10     | Identified the +5 sling of Safaboxzo {heavy, *Slow rN+
                  | Str+4 Dex+3}
 12694 | D:11     | Noticed a two-headed ogre
 12699 | D:11     | a two-headed ogre changed into a river rat
 13402 | D:11     | Identified the +6 quarterstaff of Classification {elec,
                  | Str+6}
 13812 | D:12     | Noticed a manticore
 14554 | D:9      | Noticed a boulder beetle
 14789 | D:9      | Noticed a boulder beetle
 14790 | D:9      | Killed a boulder beetle
 14935 | D:9      | Killed a boulder beetle
 15042 | D:9      | Noticed a two-headed ogre
 15043 | D:9      | a two-headed ogre changed into a sun moth
 15043 | D:9      | Noticed a sun moth
 15044 | D:9      | Identified the ring "Kudulig" {^Contam *Corrode rPois rN+
                  | Int+4}
 15059 | D:9      | Killed a sun moth
 15060 | D:9      | Reached skill level 12 in Long Blades
 15213 | D:9      | an orc knight changed into a dream sheep
 15214 | D:9      | Noticed a cyclops
 15533 | D:9      | Killed a cyclops
 15723 | D:9      | Got Sif Muna's Almanac of Saturnine Hypothermia
 16097 | Lair:1   | Entered Level 1 of the Lair of Beasts
 16292 | Lair:1   | Noticed a death yak
 16292 | Lair:1   | Noticed a death yak
 16396 | D:12     | Noticed a skeletal warrior
 16396 | D:12     | Noticed a skeletal warrior
 16396 | D:12     | Noticed a skeletal warrior
 16478 | D:12     | Noticed a centaur warrior
 16489 | D:11     | Killed a centaur warrior
 16490 | D:11     | Reached XP level 12. HP: 25/94 MP: 15/15
 17957 | D:12     | Noticed a fire dragon
 17986 | D:12     | Noticed a two-headed ogre
 18034 | D:12     | Noticed a centaur warrior
 18044 | D:12     | HP: 4/94 [centaur warrior/arrow (15)]
 18055 | D:12     | Killed a centaur warrior
 18539 | D:12     | Noticed a two-headed ogre
 18833 | D:12     | Found a stormy altar of Qazlal.
 18848 | D:12     | Killed a two-headed ogre
 18940 | D:12     | Killed a two-headed ogre
 18941 | D:12     | Reached skill level 5 in Dodging
 18947 | D:12     | Reached skill level 13 in Long Blades
 19105 | D:12     | HP: 4/95 [skeletal warrior/+0 dire flail (31)]
 20285 | D:12     | Found a staircase to the Orcish Mines.
 20416 | Orc:1    | Entered Level 1 of the Orcish Mines
 20624 | D:12     | Killed a fire dragon
 20757 | D:12     | Reached skill level 10 in Evocations
 20995 | D:13     | Reached XP level 13. HP: 68/101 MP: 16/16
 22208 | D:12     | Reached skill level 14 in Long Blades
 23256 | Orc:1    | Found Nykaam's Antique Armour Shoppe.
 23436 | Orc:1    | Found Yheur's Weapon Shop.
 23469 | Orc:1    | Bought an embroidered scarf for 280 gold pieces
 23787 | Orc:1    | Found an iron altar of Okawaru.
 24041 | Orc:2    | Entered Level 2 of the Orcish Mines
 24274 | Orc:2    | Found Ituesiusi's Firing Range.
 24470 | Orc:2    | Reached skill level 1 in Ranged Weapons
 24955 | Orc:2    | Noticed Azrael
 25472 | Orc:2    | Killed Azrael
 26374 | Orc:2    | Reached skill level 5 in Ranged Weapons
 27172 | Orc:2    | Noticed an orc warlord
 27769 | Orc:2    | Found Acvod's Antique Armour Emporium.
 27769 | Orc:2    | Found Baxah's Antique Armour Emporium.
 27770 | Orc:2    | Found Kosoasie's Armour Shoppe.
 27770 | Orc:2    | Found Gouh's Jewellery Emporium.
 27777 | Orc:2    | Bought a glowing helmet for 210 gold pieces
 27777 | Orc:2    | Bought an embroidered cloak for 210 gold pieces
 27782 | Orc:2    | Bought a scorched leather armour for 196 gold pieces
 27782 | Orc:2    | Identified the +1 leather armour of the Divine God {rC+
                  | Int-2 Dex+5} (You bought it in a shop on level 2 of the
                  | Orcish Mines)
 27786 | Orc:2    | Bought a distressingly furry leather armour for 238 gold
                  | pieces
 27786 | Orc:2    | Identified the +1 leather armour "Yrenlul" {Int+3} (You
                  | bought it in a shop on level 2 of the Orcish Mines)
 27790 | Orc:2    | Bought a shiny helmet for 210 gold pieces
 27838 | Orc:2    | Found a roughly hewn altar of Beogh.
 28166 | Orc:1    | Reached XP level 14. HP: 100/108 MP: 17/17
 28168 | Orc:1    | Acquired a N-10 neowhirligig {RevParry, rPois rC+ rCorr}
 29349 | D:12     | Mangled by a very large slime creature

Illustrated notes

Levels and vault maps discovered:
D:1:      heliophobic_arrival_dark_side_of_the_moon, layout_basic,
          amcnicky_mini_rare_corridor_liquid
D:2:      layout_basic
D:3:      layout_loops_ring, nicolae_gozag_zags_fifth_avenue, uniq_natasha,
          uniq_grinder
D:4:      layout_basic, gammafunk_temple_overflow_claw,
          hangedman_decor_slide_cut, st_stairs_12
D:5:      layout_rooms, mainiacjoe_overflow_boulevard,
          nicolae_hepliaklqana_monster_ancestors, kennysheep_generic_room_6,
          uniq_eustachio
D:6:      layout_rooms, nicolae_wu_jian_wuxing_cycle,
          minmay_temple_entry_statues_pillars, nicolae_shop_unique_rings,
          grunt_decor_one_mirror, glass_columns_b, uniq_sigmund, uniq_pikel
D:7:      layout_rooms, nicolae_ossuary_entry_monument,
          biasface_ghost_orc_armoury, nicolae_shop_i_like_big_books
D:8:      layout_loops_ring, dreamdust_divine_triumvirate,
          mainiacjoe_overflow_surrounded_room, david_lair_generic
D:9:      nzn_winding_woodlands_cross [nzn_winding_woodlands_5x15_twine,
          nzn_winding_woodlands_5x15_split_checker,
          nzn_winding_woodlands_5x15_sidewinder,
          nzn_winding_woodlands_5x15_cabin,
          nzn_winding_woodlands_15x15_five_gardens], layout_cave_pools
D:10:     layout_roguey, jmf_multi_god_temple
D:11:     layout_cave_pods
D:12:     layout_loops_ring, kennysheep_orc_monster_closet_entryway,
          minmay_ruined_shrine
D:13:     layout_long_grid, kennysheep_potato
Lair:1:   layout_cellular_growth, gammafunk_ghost_arena, uniq_urug
Orc:1:    layout_caves, serial_shops, shop, shop, okawaru_metal_pillars_1_2
Orc:2:    st_orc_pillars, layout_caves, basic_altar, nicolae_shop_firing_range,
          uniq_azrael

Skill      XL: |  1  2  3  4  5  6  7  8  9 10 11 12 13 14 |
---------------+-------------------------------------------+-----
Earth Magic    | 3 4 |  4.7
Stealth        | 2 |  2.0
Spellcasting   | 2 |  2.2
Dodging        | 2 3 4 5 7 |  7.2
Fighting       | 1 2 3 6 8 9 |  9.5
Armour         | 1 3 5 |  5.5
Evocations     | 1 3 4 8 10 | 10.0
Long Blades    | 7 11 12 13 14 | 14.0
Maces & Flails | 2 3 |  3.0
Throwing       | 1 3 4 |  4.0
Ranged Weapons | 7 9 |  9.1
Conjurations   | |  0.8
Ice Magic      | |  0.6

Action                     |  1- 3 |  4- 6 |  7- 9 | 10-12 | 13-15 || total
---------------------------+-------+-------+-------+-------+-------++-------
  Melee: Dagger            |    30 |       |       |       |       ||    30
         Short sword       |    30 |       |       |       |       ||    30
         Trident           |       |    22 |    92 |       |       ||   114
         Flail             |       |    20 |   128 |   263 |       ||   411
         Scimitar          |       |       |    51 |   496 |   494 ||  1041
         Long sword        |       |       |       |   219 |   398 ||   617
  Throw: Dart              |       |       |       |   104 |    66 ||   170
         Boomerang         |       |       |       |     7 |     8 ||    15
         Stone             |       |       |       |     1 |       ||     1
   Cast: Sandblast         |    59 |    23 |    86 |    57 |    12 ||   237
         Passwall          |       |       |       |     3 |       ||     3
 Invoke: Potion Petition   |       |       |       |     1 |     1 ||     2
Ability: Invent Gizmo      |       |       |       |       |     1 ||     1
  Evoke: Wand              |       |       |     2 |    21 |     4 ||    27
    Use: Scroll            |     4 |       |     3 |     9 |     6 ||    22
         Potion            |       |       |     2 |     7 |       ||     9
   Stab: Sleeping          |       |       |     2 |     3 |       ||     5
         Distracted        |       |       |     2 |     5 |     4 ||    11
 Armour: Robe              |    36 |       |       |       |       ||    36
         Leather armour    |     1 |    16 |   102 |   379 |   288 ||   786
  Dodge: Dodged            |    41 |    19 |    83 |   321 |   258 ||   722

Table legend: (Time is in decaauts)
 A = Elapsed time spent in this place.
 B = Non-inter-level travel time spent in this place.
 C = Inter-level travel time spent in this place.
 D = Time resting spent in this place.
 E = Time spent auto-exploring this place.
 F = Levels seen in this place.
 G = Mean time per level.
                   A        B        C        D        E       F      G
               +--------+--------+--------+--------+--------+-----+--------+
         Total |  29427 |  27458 |   1969 |   5713 |  15376 |  17 | 1731.0 |
       Dungeon |  24086 |  22221 |   1865 |   4500 |  12712 |  13 | 1852.8 |
          Lair |    218 |    218 |      0 |      0 |    146 |   1 |  218.0 |
  Orcish Mines |   4808 |   4705 |    103 |   1174 |   2403 |   2 | 2404.0 |
       Ossuary |    313 |    313 |      0 |     39 |    115 |   1 |  313.0 |
               +--------+--------+--------+--------+--------+-----+--------+

Top non-repeatable levels by time:
    D:12: 4873 daAuts
   Orc:2: 3116 daAuts
    D:11: 2692 daAuts
     D:4: 2335 daAuts
     D:9: 2251 daAuts
     D:8: 1913 daAuts
   Orc:1: 1692 daAuts
    D:13: 1621 daAuts
    D:10: 1620 daAuts
     D:5: 1314 daAuts
     D:6: 1270 daAuts
     D:3: 1266 daAuts
     D:1: 1100 daAuts
     D:2: 922 daAuts
     D:7: 902 daAuts
